 Dungeon Crawl Stone Soup version 0.17.1-2-g5865329 (webtiles) character file.

23095 Kloppie the Fighter (level 13, -1/132 HPs)
             Began as a Gargoyle Berserker on Jan 13, 2016.
             Was a Priest of Trog.
             Slain by a black mamba (8 damage)
             ... on level 5 of the Lair of Beasts.
             The game lasted 00:32:11 (14779 turns).

Kloppie the Fighter (Gargoyle Berserker)           Turns: 14779, Time: 00:32:11

Health: -1/132     AC: 32    Str: 27    XL:     13   Next: 4%
Magic:  13/13      EV:  8    Int:  8    God:    Trog [***...]
Gold:   929        SH:  0    Dex: 13    Spells: 0 memorised, 12 levels left

rFire  . . .     SeeInvis .     a - +0 morningstar
rCold  . . .     Clarity  .     Q - +0 plate armour
rNeg   + + .     SustAt   .     (no shield)
rPois  ∞         Gourm    .     x - +1 helmet
rElec  +         Spirit   .     (no cloak)
rCorr  .         Warding  .     E - +0 pair of gloves
rMut   .         Stasis   .     f - +1 pair of boots
MR     +++..                    (no amulet)
Stlth  ..........               r - ring of protection from magic
                                D - ring of positive energy

@: berserking, regenerating, very quick, extremely resistant to hostile
enchantments, extremely unstealthy
A: negative energy resistance 1, electricity resistance, unbreathing,
petrification resistance, rot immunity, AC +9
a: Berserk, Trog's Hand, Burn Spellbooks, Renounce Religion


You were on level 5 of the Lair of Beasts.
You worshipped Trog.
Trog was most pleased with you.
You were hungry.

You visited 2 branches of the dungeon, and saw 15 of its levels.

You collected 971 gold pieces.
You spent 42 gold pieces at shops.

Inventory:

Hand Weapons
 a - a +0 morningstar (weapon)
 b - a +0 blowgun
 v - a +1 great mace
 X - a +5 dire flail of protection
Missiles
 G - 58 poisoned needles
Armour
 f - a +1 pair of boots (worn)
 x - a +1 helmet (worn)
 E - a +0 pair of gloves (worn)
 Q - a +0 plate armour (worn)
Jewellery
 p - an uncursed ring of stealth
 r - a ring of protection from magic (right hand)
 D - a ring of positive energy (left hand)
 Y - an uncursed amulet of faith
Wands
 h - a wand of paralysis (12)
 i - a wand of flame (22)
 M - a wand of disintegration (24)
 V - a wand of draining (5)
Scrolls
 d - 3 scrolls of fear
 g - 12 scrolls of remove curse
 j - 2 scrolls of identify
 l - 3 scrolls of immolation
 n - 3 scrolls of enchant weapon
 o - 4 scrolls of teleportation
 s - 3 scrolls of enchant armour
 w - 2 scrolls of blinking
Potions
 e - 8 potions of curing
 k - 5 potions of flight
 m - a potion of heal wounds
 q - 3 potions of mutation
 y - 2 potions of resistance
 z - a potion of invisibility
 A - a potion of lignification
 C - a potion of berserk rage {unknown}
 H - 2 potions of cure mutation
 L - a potion of ambrosia
 W - 2 potions of might
Books
 T - a book of Battle

   Spells                             Type                      Level
   a - Infusion                       Charms                       1
   b - Shroud of Golubria             Charms/Translocation         2
   c - Song of Slaying                Charms                       2
   d - Spectral Weapon                Hexes/Charms                 3
   e - Regeneration                   Charms/Necromancy            3
   Trog disapproves of the use of such an item.
 U - a book of Death

   Spells                             Type                      Level
   a - Corpse Rot                     Necromancy                   2
   b - Sublimation of Blood           Necromancy                   2
   c - Agony                          Necromancy                   5
   d - Dispel Undead                  Necromancy                   5
   e - Excruciating Wounds            Charms/Necromancy            5
   f - Bolt of Draining               Conjuration/Necromancy       5
   Trog disapproves of the use of such an item.
 Z - a book of Cantrips

   Spells                             Type                      Level
   a - Corona                         Hexes                        1
   b - Animate Skeleton               Necromancy                   1
   c - Summon Small Mammal            Summoning                    1
   d - Apportation                    Translocation                1
   Trog disapproves of the use of such an item.
Comestibles
 c - 6 bread rations
 t - 10 fruits
 u - 4 meat rations
 B - a chunk of flesh


   Skills:
 + Level 13.5 Fighting
 * Level 12.7 Maces & Flails
 + Level 13.3 Armour
 - Level 1.5 Dodging


You had 12 spell levels left.
You didn't know any spells.

Dungeon Overview and Level Annotations

Branches:
Dungeon (10/15)            Temple (0/1) D:5            Lair (5/8) D:10
 Shoals (0/4) Lair:5       Spider (0/4) Lair:3
    Orc: D:9-12

Altars:
Cheibriados
Elyvilon
Fedhas
Kikubaaqudgha
Makhleb
Nemelex Xobeh
Qazlal
Trog
Vehumet
Yredelemnul
The Shining One
Beogh

Shops:
D:6 ?


Innate Abilities, Weirdness & Mutations

You are resistant to torment.
Your stone body is resilient (AC +9).
You are immune to poison.
You resist negative energy.
You are resistant to electric shocks.
You can survive without breathing.
You are immune to petrification.
You are immune to rotting.


Message History

Your plate armour prevents you from hitting the black mamba.
The black mamba bites you but does no damage.
The sheep completely misses you. The sheep barely misses you.
A red film seems to cover your vision as you go berserk!
You feel yourself moving faster!
You feel mighty!
You feel somewhat more hungry.
The black mamba bites you but does no damage.
The sheep bites you!
* * * LOW HITPOINT WARNING * * *
The sheep closely misses you. The black mamba bites you!
* * * LOW HITPOINT WARNING * * *
The sheep barely misses you.
You closely miss the black mamba. The sheep bites you but does no damage.
The black mamba bites you but does no damage.
The sheep barely misses you.
You are too berserk!
You puncture the black mamba!
The black mamba is heavily wounded.
The black mamba bites you!
You die...

## ...P#.# .)##.>....#÷
P ............ #.
.....##...... #..
#.......#.}#.. .P..
####.#...8...#####
..P..##............##.8.
#.....YY................
#.....Y@S.8..8.>.8.+..<.
.P............... #....
......#.......... #..8.
......#####....8. #####
#..... ...... #....
...... ..... .... #...


You could see a black mamba and 3 sheep.

Vanquished Creatures
  3 hydras
  A catoblepas (Lair:4)
  2 centaur warriors (D:10)
  An orc knight (D:10)
  2 hill giants (D:10)
  Pikel (D:3)
  A griffon (Lair:2)
  The ghost of Kloppie the Skirmisher, a novice GrBe of Trog (D:6)
  2 black mambas
  A torpor snail (Lair:3)
  A centaur skeleton (D:10)
  A fire drake (Lair:2)
  A troll (D:7)
  2 spiny frogs
  2 komodo dragons
  Grinder (D:5)
  7 blink frogs
  Sigmund (D:5)
  A wyvern (D:9)
  11 yaks
  2 deep elf magi (D:10)
  Eustachio (D:5)
  A hungry ghost (D:10)
  The ghost of Gargoyl the Skirmisher, an amateur DsAK of Lugonu (D:5)
  5 hippogriffs
  6 wolves
  10 porcupines
  7 water moccasins
  Duvessa (D:4)
  2 sky beasts
  3 orc warriors
  An ice beast (D:8)
  A black bear (Lair:2)
  4 phantoms
  2 necrophages
  3 ogres
  5 crocodiles
  2 big kobolds
  9 centaurs
  11 giant frogs
  Dowan (D:4)
  A wyvern zombie (D:8)
  2 scorpions
  4 killer bees (D:9)
  4 electric eels
  6 crimson imps
  A giant frog zombie (D:6)
  A hound (D:5)
  9 orc wizards
  4 orc priests
  2 giant frog skeletons
  9 iguanas
  8 worker ants
  A sheep (Lair:5)
  2 killer bee zombies
  2 hound skeletons (D:4)
  Robin (D:5)
  6 gnolls
  22 river rats
  10 adders
  3 shadow imps
  2 oozes
  An adder skeleton (D:7)
  2 adder zombies
  5 worms
  58 orcs
  2 ball pythons
  6 giant cockroaches
  6 hobgoblins
  8 quokkas
  5 bats
  8 giant geckos
  11 giant newts
  15 goblins
  A jackal skeleton (D:5)
  25 kobolds
  5 rats
  7 plants
386 creatures vanquished.

Vanquished Creatures (collateral kills)
  The ghost of riffraff the Protected, a novice MiBe of Trog (D:7)
  A manticore (D:10)
  A wight (D:10)
3 creatures vanquished.

Vanquished Creatures (others)
  An orc priest (D:4)
  An orc wizard (D:4)
  2 adders (D:4)
  A worm (D:4)
  An orc (D:10)
  A giant cockroach (D:4)
  A fungus (Lair:2)
  11 plants
19 creatures vanquished.

Grand Total: 408 creatures vanquished

Notes
Turn   | Place    | Note
--------------------------------------------------------------
     0 | D:1      | Kloppie the Gargoyle Berserker began the quest for the Orb.
     0 | D:1      | Reached XP level 1. HP: 14/14 MP: 1/1
   363 | D:1      | Reached XP level 2. HP: 19/19 MP: 2/2
   909 | D:2      | Found a basalt altar of Yredelemnul.
   937 | D:2      | Found a burning altar of Makhleb.
   963 | D:2      | Reached XP level 3. HP: 22/24 MP: 3/3
  1010 | D:2      | Reached ** piety under Trog
  1146 | D:2      | Reached skill level 4 in Fighting
  1359 | D:3      | Reached XP level 4. HP: 29/29 MP: 4/4
  1376 | D:3      | Found a white marble altar of Elyvilon.
  1376 | D:3      | Found a stormy altar of Qazlal.
  1645 | D:3      | You fall through a shaft for 2 floors!
  1645 | D:5      | Entered Level 5 of the Dungeon
  1650 | D:4      | Noticed Robin
  1658 | D:5      | Killed Robin
  1694 | D:5      | Reached XP level 5. HP: 14/34 MP: 5/5
  1860 | D:4      | Reached *** piety under Trog
  1952 | D:4      | Found a bloodstained altar of Trog.
  2351 | D:4      | Noticed Pikel
  2352 | D:4      | Noticed a slave
  2352 | D:4      | Noticed a slave
  2353 | D:4      | Noticed a slave
  2353 | D:4      | Noticed a slave
  2383 | D:3      | Killed Pikel
  2383 | D:3      | Reached skill level 5 in Fighting
  2383 | D:3      | Reached skill level 5 in Maces & Flails
  2383 | D:3      | Reached skill level 5 in Armour
  2383 | D:3      | Reached XP level 6. HP: 25/41 MP: 6/6
  2383 | D:3      | Reached XP level 7. HP: 27/45 MP: 7/7
  2508 | D:4      | Reached skill level 6 in Fighting
  2618 | D:4      | Found a snail-covered altar of Cheibriados.
  2975 | D:4      | Noticed Dowan
  2976 | D:4      | Noticed Duvessa
  3003 | D:4      | Killed Duvessa
  3021 | D:4      | Killed Dowan
  3021 | D:4      | Reached XP level 8. HP: 42/52 MP: 8/8
  3471 | D:5      | Noticed Eustachio
  3500 | D:5      | Killed Eustachio
  3648 | D:5      | Noticed Grinder
  3662 | D:5      | Killed Grinder
  3662 | D:5      | Reached skill level 7 in Fighting
  3701 | D:5      | Noticed Gargoyl's ghost (amateur DsAK)
  3746 | D:5      | Noticed a phantom
  3796 | D:5      | Killed a phantom
  3839 | D:5      | Noticed a phantom
  3872 | D:5      | Reached **** piety under Trog
  3875 | D:5      | Killed a phantom
  4064 | D:5      | Found a staircase to the Ecumenical Temple.
  4156 | D:5      | Noticed Sigmund
  4171 | D:5      | Killed Sigmund
  4171 | D:5      | Reached XP level 9. HP: 50/59 MP: 9/9
  4259 | D:5      | Killed Gargoyl's ghost
  4259 | D:5      | Reached skill level 8 in Fighting
  4363 | D:5      | Noticed a big kobold
  4398 | D:5      | Killed a big kobold
  4880 | D:6      | Noticed Kloppie's ghost (novice GrBe)
  4940 | D:6      | Killed Kloppie's ghost
  5131 | D:6      | Found Eweufug's Magic Scroll Boutique.
  5139 | D:6      | Bought a scroll of teleportation for 42 gold pieces
  5480 | D:6      | Reached skill level 9 in Fighting
  5715 | D:6      | Found a radiant altar of Vehumet.
  5958 | D:7      | Found a glowing golden altar of the Shining One.
  6004 | D:7      | Reached XP level 10. HP: 38/66 MP: 10/10
  6120 | D:7      | Noticed riffraff's ghost (novice MiBe)
  6201 | D:7      | Killed riffraff's ghost
  6507 | D:7      | Found an ancient bone altar of Kikubaaqudgha.
  6736 | D:8      | Reached skill level 10 in Fighting
  6875 | D:8      | Found a blossoming altar of Fedhas.
  7115 | D:8      | Found a sparkling altar of Nemelex Xobeh.
  7824 | D:9      | Reached skill level 10 in Armour
  8239 | D:9      | Found a roughly hewn altar of Beogh.
  8255 | D:9      | Reached ***** piety under Trog
  8424 | D:10     | Entered Level 10 of the Dungeon
  8424 | D:10     | Found a staircase to the Lair.
  8540 | D:10     | Noticed a hill giant
  8553 | D:10     | Killed a hill giant
  8553 | D:10     | Reached skill level 10 in Maces & Flails
  8553 | D:10     | Reached XP level 11. HP: 27/73 MP: 11/11
  8897 | D:10     | Noticed a centaur warrior
  8919 | D:10     | Reached skill level 11 in Fighting
  9054 | D:10     | Noticed an orc knight
  9078 | D:10     | Killed an orc knight
  9322 | D:10     | Noticed a centaur warrior
  9492 | D:10     | Noticed a hill giant
  9563 | D:10     | Killed a hill giant
  9832 | D:10     | Received a gift from Trog
  9850 | D:10     | Killed a centaur warrior
  9884 | D:10     | Noticed a manticore
  9889 | D:10     | Killed a manticore
  9916 | D:10     | Killed a centaur warrior
 10121 | Lair:1   | Entered Level 1 of the Lair of Beasts
 10649 | Lair:2   | Reached skill level 12 in Fighting
 11108 | Lair:2   | Noticed a six-headed hydra
 11121 | Lair:2   | Killed a six-headed hydra
 11221 | Lair:2   | Reached XP level 12. HP: 67/81 MP: 12/12
 12294 | Lair:3   | Noticed a seven-headed hydra
 12310 | Lair:3   | Killed a seven-headed hydra
 12395 | Lair:3   | Received a gift from Trog
 12924 | Lair:3   | Found a hole to the Spider Nest.
 12945 | Lair:3   | Reached skill level 13 in Fighting
 12972 | Lair:3   | Noticed a six-headed hydra
 12980 | Lair:3   | Killed a six-headed hydra
 13597 | Lair:4   | Noticed a catoblepas
 13616 | Lair:4   | Killed a catoblepas
 14437 | Lair:5   | Reached XP level 13. HP: 26/88 MP: 13/13
 14671 | Lair:5   | Found a staircase to the Shoals.
 14777 | Lair:5   | HP: 5/132 [black mamba (8)]
 14779 | Lair:5   | Slain by a black mamba

Action                   |  1- 3 |  4- 6 |  7- 9 | 10-12 | 13-15 || total
-------------------------+-------+-------+-------+-------+-------++-------
Melee: Mace              |   153 |    94 |       |       |       ||   247
       Flail             |       |    18 |   520 |   130 |       ||   668
       Morningstar       |       |       |       |  1081 |    51 ||  1132
 Fire: Blowgun           |       |       |       |     4 |       ||     4
Invok: Berserk           |       |     1 |     3 |     7 |     1 ||    12
       Trog's Hand       |       |     1 |     1 |     6 |     1 ||     9
       Brothers in Arms  |       |       |       |     2 |       ||     2
Evoke: Wand              |       |       |       |     2 |       ||     2
  Use: Scroll            |     2 |       |     7 |    18 |       ||    27
       Potion            |       |       |       |     2 |       ||     2
 Stab: Petrified         |       |       |       |     2 |       ||     2
  Eat: Chunk             |     2 |     3 |    13 |    21 |     1 ||    40
       Fruit             |       |       |     4 |     1 |       ||     5
       Pizza             |       |       |       |     3 |       ||     3
       Beef jerky        |       |       |       |     4 |       ||     4
       Bread ration      |       |       |       |     2 |       ||     2
       Royal jelly       |       |       |       |     1 |       ||     1
